 Dungeon Crawl Stone Soup version 0.21.1-1-g345015f (webtiles) character file.

6871 Dioder the Grappler (level 10, 0/86 HPs)
             Began as a Troll Monk on Feb 19, 2018.
             Was the Champion of Cheibriados.
             Slain by a killer bee (9 damage)
             ... on level 9 of the Dungeon.
             The game lasted 00:16:54 (6817 turns).

Dioder the Grappler (Troll Monk)                    Turns: 6817, Time: 00:16:54

Health: 0/86       AC: 11    Str: 42    XL:     10   Next: 78%
Magic:  22/22      EV: 11    Int: 21    God:    Cheibriados [******]
Gold:   528        SH: 14    Dex: 27    Spells: 12/15 levels left

rFire    . . .     SeeInvis .     - Unarmed
rCold    . . .     Gourm    +   k - +0 shield
rNeg     . . .     Faith    .   a - +0 robe
rPois    .         Spirit   .   (helmet restricted)
rElec    .         Reflect  .   x - +0 cloak
rCorr    .         Harm     .   (gloves unavailable)
MR       .....                  (boots unavailable)
Stlth    ++........             (no amulet)
HPRegen  0.64/turn              n - +5 ring of protection
MPRegen  0.18/turn              t - ring "Jecwipsi" {Wiz MP+9 Str+3}

@: lethally poisoned (0 -> 0), very slow
A: large, unfitting armour, claws 3, horns 1, fast metabolism 3, frail 1,
gourmand, regeneration 1, shaggy fur 1, tough skin 2
a: Bend Time, Temporal Distortion, Slouch, Step From Time, Renounce Religion


You were on level 9 of the Dungeon.
You worshipped Cheibriados.
Cheibriados was exalted by your worship.
You were completely stuffed.

You visited 1 branch of the dungeon, and saw 9 of its levels.
You also visited: Sewer.

You collected 528 gold pieces.

Inventory:

Hand Weapons
 B - a cursed +0 flail
Armour
 a - a +0 robe (worn)
 k - a +0 shield (worn)
 x - a +0 cloak (worn)
Jewellery
 e - an uncursed ring of poison resistance
 n - a +5 ring of protection (left claw)
 r - an uncursed ring of positive energy
 t - the ring "Jecwipsi" (right claw) {Wiz MP+9 Str+3}
   (You acquired it on level 7 of the Dungeon)

   [ring of wizardry]

   It improves your spell success rate.
   It affects your strength (+3).
   It affects your magic capacity (+9).
 A - an uncursed ring of fire
 E - an uncursed ring of see invisible
 G - an uncursed ring of see invisible
 J - an uncursed ring of resist corrosion {unknown}
 K - an uncursed ring of stealth {unknown}
Wands
 p - a wand of scattershot (7)
 z - a wand of polymorph (17)
 H - a wand of digging (17)
 I - a wand of clouds (8)
Scrolls
 h - 2 scrolls of remove curse
 q - a scroll of identify
 s - 4 scrolls of teleportation
 u - a scroll of fog
 w - 4 scrolls of enchant weapon
 y - a scroll of random uselessness
 F - a scroll of amnesia
Potions
 c - a potion of lignification
 d - a potion of invisibility
 f - 3 potions of heal wounds
 i - 7 potions of curing
 j - a potion of brilliance
 l - a potion of flight
 m - 2 potions of resistance
 o - a potion of agility
Books
 g - a book of Misfortune

   Spells                             Type                      Level
   a - Confusing Touch                Hexes                        1
   b - Confuse                        Hexes                        3
   c - Gell's Gravitas                Translocation                3
   d - Petrify                        Transmutation/Earth          4
   e - Metabolic Englaciation         Hexes/Ice                    5
   f - Yara's Violent Unravelling     Hexes/Transmutation          5
 C - a book of Misfortune

   Spells                             Type                      Level
   a - Confusing Touch                Hexes                        1
   b - Confuse                        Hexes                        3
   c - Gell's Gravitas                Translocation                3
   d - Petrify                        Transmutation/Earth          4
   e - Metabolic Englaciation         Hexes/Ice                    5
   f - Yara's Violent Unravelling     Hexes/Transmutation          5
Comestibles
 b - 25 rations
 L - 6 chunks of flesh


   Skills:
 - Level 5.2 Fighting
 - Level 2.5 Dodging
 - Level 1.1 Stealth
 + Level 8.4 Shields
 - Level 9.7 Unarmed Combat
 - Level 3.0 Spellcasting
 - Level 3.0 Translocations
 + Level 2.4 Evocations


You had 12 spell levels left.
You knew the following spells:

 Your Spells              Type           Power        Failure   Level  Hunger
b - Gell's Gravitas       Tloc           ###.......   5%          3    ###....


Dungeon Overview and Level Annotations

Branches:
Dungeon (9/15)             Temple (0/1) D:7
   Lair: D:8-11         Orc: D:9-12

Altars:
Ashenzari
Cheibriados
Dithmenos
Elyvilon
Gozag
Kikubaaqudgha
Makhleb
Qazlal
Ru
Uskayaw
Xom
Zin
The Shining One

Portals:
Bailey: D:9

Annotations:
D:7 1 runed door


Innate Abilities, Weirdness & Mutations

You are too large for most types of armour.
You have claws for hands.
Your metabolism is lightning-fast.
You like to eat raw meat.
Your natural rate of healing is unusually fast.
You are covered in fur. (AC +1)
You have very tough skin. (AC +2)
You have a pair of small horns on your head.
You are frail. (-10% HP)


Message History

You start resting.
You feel sick.
A killer bee is nearby!
A killer bee is nearby!
Number of times to repeat, then command key: You must enter the number of times for the command to repeat.
You feel sick. You block the hornet zombie's attack.
Found a stone staircase leading down.
You barely miss the hornet zombie. You headbutt the hornet zombie!
The hornet zombie is moderately damaged.
The hornet zombie hits you!
* * * LOW HITPOINT WARNING * * *
You mangle the hornet zombie!!
The hornet zombie is severely damaged.
You block the hornet zombie's attack.
You mangle the hornet zombie!!
You destroy the hornet zombie!
Cheibriados appreciates the change of pace.
You feel sick. The killer bee stings you!
You die... #.....[.......## #..............† P #.............Y.
PP #............Y## PP.

#.............# P.P.
#.............# ....
#.............#
#..###.............#
#...@y.............
#................
#..####......... #..
#........ #. .......
#. ....... # .....>.
....


You could see a killer bee.

Vanquished Creatures
  The ghost of Shaaah the Reanimator, a novice DENe (D:6)
  A troll (D:9)
  A wyvern (D:8)
  4 yaks (D:9)
  A hungry ghost (D:7)
  4 hogs (D:7)
  A human (D:7)
  Menkaure (D:4)
  2 water moccasins (D:7)
  A sky beast (D:7)
  2 ice beasts
  A hornet zombie (D:9)
  5 orc warriors
  4 phantoms (D:6)
  3 ogres
  A centaur (D:6)
  A big kobold (D:8)
  2 bullfrogs
  Blork the orc (D:5)
  5 scorpions
  8 wights
  6 killer bees
  A howler monkey (D:8)
  5 crimson imps
  A jelly (D:7)
  A quasit (D:7)
  A centaur zombie (D:5)
  8 orc wizards
  Crazy Yiuf (D:2)
  3 hounds
  6 orc priests
  2 centaur skeletons
  A gnoll shaman (D:8)
  6 iguanas
  Jessica (D:2)
  11 worker ants
  A hound zombie (D:7)
  A howler monkey zombie (D:8)
  20 gnolls
  19 adders
  A river rat (D:3)
  A shadow imp (D:7)
  An ooze (D:2)
  4 adder skeletons
  3 worms
  2 dart slugs (D:2)
  6 leopard geckos
  29 orcs
  7 ball pythons
  12 giant cockroaches
  12 goblins
  6 hobgoblins
  7 jackals
  18 kobolds
  2 quokkas
  A ball python zombie (D:5)
  4 bats
  8 frilled lizards
  A jackal zombie (D:8)
  5 rats
  A butterfly (D:7)
276 creatures vanquished.

Notes
Turn   | Place    | Note
-------+----------+-------------------------------------------
     0 | D:1      | Dioder the Troll Monk began the quest for the Orb.
     0 | D:1      | Reached XP level 1. HP: 22/22 MP: 0/0
   113 | D:1      | Reached XP level 2. HP: 28/29 MP: 1/1
   649 | D:2      | Noticed Jessica
   658 | D:2      | Killed Jessica
   658 | D:2      | Reached skill level 4 in Unarmed Combat
   658 | D:2      | Reached XP level 3. HP: 20/36 MP: 2/2
   728 | D:2      | Reached skill level 1 in Shields
   728 | D:2      | Reached XP level 4. HP: 42/44 MP: 3/3
   770 | D:2      | Found an opulent altar of Gozag.
   828 | D:2      | Found a glowing silver altar of Zin.
   833 | D:2      | Found a white marble altar of Elyvilon.
   833 | D:2      | Found a shattered altar of Ashenzari.
   833 | D:2      | Found a glowing golden altar of the Shining One.
   840 | D:2      | Found a snail-covered altar of Cheibriados.
   843 | D:2      | Found a hide-covered altar of Uskayaw.
   858 | D:2      | Became a worshipper of Cheibriados the Contemplative
   858 | D:2      | Reached * piety under Cheibriados
   858 | D:2      | Reached ** piety under Cheibriados
   914 | D:2      | Reached skill level 5 in Unarmed Combat
  1006 | D:2      | Reached XP level 5. HP: 44/50 MP: 4/4
  1331 | D:2      | Found a runed door.
  1335 | D:2      | Noticed Crazy Yiuf
  1341 | D:2      | Killed Crazy Yiuf
  1605 | D:3      | Found a glowing drain.
  1728 | D:3      | Found a faded altar of an unknown god.
  1816 | Sewer    | Entered a sewer
  1855 | Sewer    | Reached *** piety under Cheibriados
  1855 | Sewer    | Reached XP level 6. HP: 59/59 MP: 5/5
  2192 | D:3      | Reached skill level 6 in Unarmed Combat
  2388 | D:3      | Gained mutation: You are frail. (-10% HP) [potion of mutation]
  2388 | D:3      | Gained mutation: You have a pair of small horns on your head. [potion of mutation]
  2647 | D:4      | Reached XP level 7. HP: 52/59 MP: 6/6
  2716 | D:4      | Found a burning altar of Makhleb.
  2716 | D:4      | Found a shimmering altar of Xom.
  2838 | D:4      | Reached **** piety under Cheibriados
  2863 | D:4      | Reached skill level 7 in Unarmed Combat
  2988 | D:4      | Noticed Menkaure
  2994 | D:4      | Killed Menkaure
  3210 | D:4      | Found a sacrificial altar of Ru.
  3304 | D:5      | Entered Level 5 of the Dungeon
  3410 | D:5      | Noticed Blork the orc
  3413 | D:5      | Found a stormy altar of Qazlal.
  3419 | D:5      | Killed Blork the orc
  3590 | D:5      | Reached XP level 8. HP: 66/66 MP: 7/7
  3617 | D:5      | Learned a level 3 spell: Gell's Gravitas
  3998 | D:6      | Reached skill level 1 in Translocations
  4001 | D:6      | Reached skill level 1 in Spellcasting
  4165 | D:6      | Noticed Shaaah's ghost (novice DENe)
  4183 | D:6      | Killed Shaaah's ghost
  4188 | D:6      | Reached ***** piety under Cheibriados
  4307 | D:6      | Reached skill level 8 in Unarmed Combat
  4328 | D:6      | Reached XP level 9. HP: 72/72 MP: 12/12
  4482 | D:6      | Reached skill level 5 in Shields
  4815 | D:7      | Found a staircase to the Ecumenical Temple.
  4861 | D:7      | Identified a scroll of acquirement
  4866 | D:7      | Got a translucent granite ring
  4867 | D:7      | Identified the ring "Jecwipsi" {Wiz MP+9 Str+3} (You acquired it on level 7 of the Dungeon)
  5001 | D:7      | Reached skill level 9 in Unarmed Combat
  5194 | D:7      | Reached XP level 10. HP: 61/84 MP: 13/13
  5282 | D:7      | Found a runed door.
  5302 | D:7      | Found a runed door.
  5796 | D:8      | Reached skill level 5 in Fighting
  6101 | D:8      | Found a shadowy altar of Dithmenos.
  6102 | D:8      | Found an ancient bone altar of Kikubaaqudgha.
  6558 | D:9      | Found a flagged portal.
  6624 | D:9      | Reached skill level 1 in Evocations
  6749 | D:9      | Reached ****** piety under Cheibriados
  6817 | D:9      | Slain by a killer bee

Skill      XL: |  1  2  3  4  5  6  7  8  9 10 |
---------------+-------------------------------+-----
Unarmed Combat | 4 5 6 7 8 9 |  9.7
Shields        | 1 2 3 4 6 8 |  8.4
Translocations | 3 |  3.0
Spellcasting   | 3 |  3.0
Fighting       | 4 5 |  5.2
Evocations     | 2 |  2.4
Dodging        | |  2.5
Stealth        | |  1.1

Action                   |  1- 3 |  4- 6 |  7- 9 | 10-12 || total
-------------------------+-------+-------+-------+-------++-------
Melee: Unarmed           |    66 |   185 |   231 |   173 ||   655
       Headbutt          |       |     5 |    61 |    57 ||   123
 Cast: Gell's Gravitas   |       |       |       |     1 ||     1
Invok: Slouch            |       |       |       |     1 ||     1
       Temporal Distorti |       |       |       |     1 ||     1
  Use: Scroll            |       |    16 |     6 |     5 ||    27
       Potion            |       |     1 |     8 |     2 ||    11
 Stab: Sleeping          |       |     6 |     6 |     2 ||    14
       Distracted        |       |       |     1 |     1 ||     2
  Eat: Chunk             |    12 |    12 |    22 |    13 ||    59
Armor: Robe              |    18 |    62 |    44 |    83 ||   207
Dodge: Dodged            |    35 |    66 |    63 |   112 ||   276
Block: Shield            |    12 |    76 |   111 |   187 ||   386
